NYP
ABERDEEN IRONBIRDS @ HUDSON VALLEY RENEGADES
07/30/2049
 
TOP OF THE 1ST
Aberdeen Ironbirds batting - Pitching for Hudson Valley Renegades : LHP Alex Viera
Pitching: LHP Alex Viera
Batting: RHB Ryan Bentz 0-0: Swinging Strike
0-1: Ball
1-1: Called Strike
1-2: Ground out U3 (Groundball, 3, EV 102.5 MPH)
Batting: LHB Danny Schultz 0-0: Ground out 5-3 (Groundball, 56, EV 88.8 MPH)
Batting: RHB Graham Calvert 0-0: SINGLE (Line Drive, 7S, EV 96.2 MPH)
Batting: RHB Han-seung Hah 0-0: Called Strike
0-1: Ground out 6-3 (Groundball, 6S, EV 81.2 MPH)
Top of the 1st over - 0 runs, 1 hit, 0 errors, 1 left on base; Aberdeen 0 - Hudson Valley 0
BOTTOM OF THE 1ST
Hudson Valley Renegades batting - Pitching for Aberdeen Ironbirds : RHP Craig Painter
Pitching: RHP Craig Painter
Batting: SHB Chris Lockart 0-0: Ball
1-0: Ball
2-0: Called Strike
2-1: Called Strike
2-2: Strikes out looking
Batting: SHB Joshua Jackson 0-0: Ground out U3 (Groundball, 34, EV 93.1 MPH)
Batting: RHB Alex Koral 0-0: Swinging Strike
0-1: Foul Ball, location: 2F
0-2: Strikes out looking
Bottom of the 1st over - 0 runs, 0 hits, 0 errors, 0 left on base; Aberdeen 0 - Hudson Valley 0
TOP OF THE 2ND
Aberdeen Ironbirds batting - Pitching for Hudson Valley Renegades : LHP Alex Viera
Batting: LHB Danny Moreno 0-0: Ball
1-0: Swinging Strike
1-1: Foul Ball, location: 2F
1-2: Ball
2-2: Foul Ball, location: 2F
2-2: Foul Ball, location: 2F
2-2: Ground out U3 (Groundball, 3L, EV 84.4 MPH)
Batting: RHB Luis Roman 0-0: Called Strike
0-1: Ball
1-1: SINGLE (Groundball, 4MD, EV 101.9 MPH)
Batting: LHB Chris Cohen 0-0: Called Strike
0-1: Swinging Strike
0-2: Ball
1-2: Ball
2-2: Ball
3-2: Base on Balls
Luis Roman to second
Batting: LHB Bryan Davidson 0-0: Ball
1-0: Fielders Choice at 2nd, 1-6 (Groundball, 34S, EV 74.4 MPH)
Luis Roman to third
Batting: LHB Ivan Alvarez 0-0: Called Strike
0-1: Foul Ball, location: 2F
0-2: Strikes out swinging
Top of the 2nd over - 0 runs, 1 hit, 0 errors, 2 left on base; Aberdeen 0 - Hudson Valley 0
BOTTOM OF THE 2ND
Hudson Valley Renegades batting - Pitching for Aberdeen Ironbirds : RHP Craig Painter
Batting: LHB Jonathan Spino 0-0: Called Strike
0-1: Foul Ball, location: 2F
0-2: Ball
1-2: Ball
2-2: Foul Ball, location: 2F
2-2: Ball
3-2: Strikes out swinging
Batting: RHB Mikey Sano 0-0: Ball
1-0: SINGLE (Groundball, 4MD, EV 96.2 MPH)
Batting: RHB Eric Waugaman 0-0: Hit by Pitch
Mikey Sano to second
Batting: RHB Wan-ling Zhu 0-0: Fly out, F7 (Line Drive, 7LM, EV 108.1 MPH)
Batting: RHB Chris Glavin 0-0: Ball
1-0: Ball
2-0: Ground out U3 (Groundball, 34S, EV 81.9 MPH)
Bottom of the 2nd over - 0 runs, 1 hit, 0 errors, 2 left on base; Aberdeen 0 - Hudson Valley 0
TOP OF THE 3RD
Aberdeen Ironbirds batting - Pitching for Hudson Valley Renegades : LHP Alex Viera
Batting: RHB Ryan Bentz 0-0: Called Strike
0-1: Ground out 4-3 (Groundball, 4, EV 90.6 MPH)
Batting: LHB Danny Schultz 0-0: Called Strike
0-1: SINGLE (Line Drive, 78S, EV 98.1 MPH)
Batting: RHB Graham Calvert 0-0: Ball
1-0: Swinging Strike
1-1: Called Strike
1-2: Foul Ball, location: 2F
1-2: SINGLE (Groundball, 13S, EV 68.1 MPH) (infield hit)
Danny Schultz to second
Batting: RHB Han-seung Hah 0-0: Called Strike
Danny Schultz steals 3rd, throwing error, E2
Danny Schultz scores
Graham Calvert to third
0-1: Swinging Strike
0-2: Ball
Wild Pitch!
Graham Calvert scores
1-2: Strikes out swinging
Batting: LHB Danny Moreno 0-0: Swinging Strike
0-1: Ball
1-1: Swinging Strike
1-2: Foul Ball, location: 2F
1-2: Ball
2-2: Ball
3-2: Ground out 6-3 (Groundball, 4, EV 85.0 MPH)
Top of the 3rd over - 2 runs, 2 hits, 1 error, 0 left on base; Aberdeen 2 - Hudson Valley 0
BOTTOM OF THE 3RD
Hudson Valley Renegades batting - Pitching for Aberdeen Ironbirds : RHP Craig Painter
Batting: LHB Sean Boenig 0-0: Ball
1-0: Ground out U3 (Groundball, 3L, EV 95.6 MPH)
Batting: SHB Chris Lockart 0-0: Called Strike
0-1: Ball
1-1: Ball
2-1: Foul Ball, location: 2F
2-2: Ball
3-2: Base on Balls
Batting: SHB Joshua Jackson Pickoff Throw to First - Out! 1-3 CS
0-0: Ball
1-0: Ball
2-0: Foul Ball, location: 2F
2-1: Called Strike
2-2: Ball
3-2: Ground out 6-3 (Groundball, 6, EV 80.0 MPH)
Bottom of the 3rd over - 0 runs, 0 hits, 0 errors, 0 left on base; Aberdeen 2 - Hudson Valley 0
TOP OF THE 4TH
Aberdeen Ironbirds batting - Pitching for Hudson Valley Renegades : LHP Alex Viera
Batting: RHB Luis Roman 0-0: Ball
1-0: Ball
2-0: Called Strike
2-1: Swinging Strike
2-2: Ball
3-2: Base on Balls
Batting: LHB Chris Cohen 0-0: Fielders Choice at 2nd, 5-4 (Groundball, 56, EV 88.1 MPH)
Batting: LHB Bryan Davidson 0-0: Ball
1-0: Ball
2-0: Ball
3-0: Called Strike
3-1: Base on Balls
Chris Cohen to second
Batting: LHB Ivan Alvarez 0-0: Ball
1-0: Fielders Choice at 2nd, 3-6 (Groundball, 34S, EV 81.9 MPH)
Chris Cohen to third
Batting: RHB Ryan Bentz 0-0: Ball
1-0: Swinging Strike
1-1: Ball
2-1: Called Strike
2-2: Foul Ball, location: 2F
2-2: Hit by Pitch
Ivan Alvarez to second
Batting: LHB Danny Schultz 0-0: Called Strike
0-1: Swinging Strike
0-2: Ball
1-2: Ball
2-2: DOUBLE (Line Drive, 78D, EV 105.0 MPH)
Chris Cohen scores
Ivan Alvarez scores
Ryan Bentz to third
Batting: RHB Graham Calvert 0-0: Called Strike
0-1: Ball
1-1: DOUBLE (Line Drive, 89M, EV 96.2 MPH)
Ryan Bentz scores
Danny Schultz scores
Pitching: LHP John Schmidt
Batting: RHB Han-seung Hah 0-0: Called Strike
0-1: Fly out, F8 (Flyball, 78S, EV 91.9 MPH)
Top of the 4th over - 4 runs, 2 hits, 0 errors, 1 left on base; Aberdeen 6 - Hudson Valley 0
BOTTOM OF THE 4TH
Hudson Valley Renegades batting - Pitching for Aberdeen Ironbirds : RHP Craig Painter
Batting: RHB Alex Koral 0-0: Swinging Strike
0-1: Ball
1-1: Ball
2-1: Foul Ball, location: 2F
2-2: Ball
3-2: Base on Balls
Batting: LHB Jonathan Spino 0-0: Called Strike
Alex Koral is caught stealing 2nd base 2-6
0-1: Called Strike
0-2: Ball
1-2: Strikes out swinging
Batting: RHB Mikey Sano 0-0: Ball
1-0: Swinging Strike
1-1: Foul Ball, location: 2F
1-2: Fly out, F9 (Line Drive, 9S, EV 92.5 MPH)
Bottom of the 4th over - 0 runs, 0 hits, 0 errors, 0 left on base; Aberdeen 6 - Hudson Valley 0
TOP OF THE 5TH
Aberdeen Ironbirds batting - Pitching for Hudson Valley Renegades : LHP John Schmidt
Batting: LHB Danny Moreno 0-0: Called Strike
0-1: Ball
1-1: Foul Ball, location: 2F
1-2: Foul Ball, location: 2F
1-2: Foul Ball, location: 2F
1-2: Strikes out swinging
Batting: RHB Luis Roman 0-0: Ball
1-0: Ball
2-0: Called Strike
2-1: Ball
3-1: Called Strike
3-2: Foul Ball, location: 2F
3-2: Foul Ball, location: 2F
3-2: Base on Balls
Batting: LHB Chris Cohen 0-0: Called Strike
0-1: SINGLE (Groundball, 6D, EV 102.5 MPH)
Luis Roman to second
Batting: LHB Bryan Davidson 0-0: Called Strike
0-1: Swinging Strike
0-2: Ball
Wild Pitch!
Luis Roman to third
Chris Cohen to second
1-2: Foul Ball, location: 2F
1-2: Ball
2-2: Strikes out swinging
Batting: LHB Ivan Alvarez 0-0: Ball
1-0: SINGLE (Groundball, 4MD, EV 99.4 MPH)
Luis Roman scores
Chris Cohen to third
Runner from 3rd tries for Home, SAFE, throw by CF to home
Ivan Alvarez to second
Batting: RHB Ryan Bentz 0-0: Called Strike
0-1: Ball
1-1: Foul Ball, location: 2F
1-2: Foul Ball, location: 2F
1-2: Ball
2-2: SINGLE (Line Drive, 6D, EV 110.6 MPH)
Ivan Alvarez to third
Runner from 3rd tries for Home, SAFE, throw by CF to home
Now in LF: Kunizo Yanagisawa
Now in CF: Jonathan Spino
Batting: LHB Danny Schultz 0-0: Ball
1-0: Ball
2-0: Ball
Wild Pitch!
Ryan Bentz to second
3-0: Called Strike
3-1: Called Strike
3-2: Foul Ball, location: 2F
3-2: Base on Balls
Batting: RHB Graham Calvert 0-0: Called Strike
0-1: Ball
1-1: Swinging Strike
1-2: Ball
2-2: Ball
3-2: Strikes out looking
Top of the 5th over - 3 runs, 3 hits, 0 errors, 2 left on base; Aberdeen 9 - Hudson Valley 0
BOTTOM OF THE 5TH
Hudson Valley Renegades batting - Pitching for Aberdeen Ironbirds : RHP Craig Painter
Batting: RHB Eric Waugaman 0-0: Called Strike
0-1: Foul Ball, location: 2F
0-2: Ball
1-2: Strikes out swinging
Batting: RHB Wan-ling Zhu 0-0: Ball
1-0: Ball
2-0: Foul Ball, location: 2F
2-1: Ball
3-1: Called Strike
3-2: Foul Ball, location: 2F
3-2: Base on Balls
Batting: RHB Chris Glavin 0-0: Ball
Wan-ling Zhu steals 2nd, throwing error, E2
Wan-ling Zhu to third
1-0: Swinging Strike
1-1: Ball
2-1: Ball
3-1: Base on Balls
Batting: RHB Kunizo Yanagisawa 0-0: Swinging Strike
0-1: Swinging Strike
0-2: Ball
1-2: Foul Ball, location: 2F
1-2: Ball
2-2: Ball
3-2: Strikes out looking
Batting: SHB Chris Lockart 0-0: Ground out U3 (Groundball, 34, EV 98.1 MPH)
Bottom of the 5th over - 0 runs, 0 hits, 1 error, 2 left on base; Aberdeen 9 - Hudson Valley 0
TOP OF THE 6TH
Aberdeen Ironbirds batting - Pitching for Hudson Valley Renegades : LHP John Schmidt
Batting: RHB Han-seung Hah 0-0: Called Strike
0-1: Foul Ball, location: 2F
0-2: Strikes out looking
Batting: LHB Danny Moreno 0-0: Ground out 1-3 (Groundball, 34S, EV 69.4 MPH)
Batting: RHB Luis Roman 0-0: Ball
1-0: Ball
2-0: Ground out 5-3 (Groundball, 56S, EV 85.0 MPH)
Top of the 6th over - 0 runs, 0 hits, 0 errors, 0 left on base; Aberdeen 9 - Hudson Valley 0
BOTTOM OF THE 6TH
Hudson Valley Renegades batting - Pitching for Aberdeen Ironbirds : RHP Craig Painter
Batting: SHB Joshua Jackson 0-0: Ball
1-0: Ball
2-0: Ball
3-0: Called Strike
3-1: Foul Ball, location: 2F
3-2: Base on Balls
Batting: RHB Alex Koral 0-0: Called Strike
0-1: Called Strike
0-2: Ball
1-2: Strikes out looking
Batting: LHB Jonathan Spino 0-0: Called Strike
Joshua Jackson steals 2nd base
0-1: SINGLE (Groundball, 25, EV 72.5 MPH) (infield hit)
Joshua Jackson to third
Batting: RHB Mikey Sano 0-0: Called Strike
Jonathan Spino steals 2nd base
0-1: Called Strike
0-2: Foul Ball, location: 2F
0-2: Foul Ball, location: 2F
0-2: Fly out, F9 (Flyball, 9S, EV 96.2 MPH)
Pitching: RHP Andrew Telles
Batting: RHB Eric Waugaman 0-0: Reached on error, E4 (Groundball, 4M, EV 93.1 MPH)
Joshua Jackson scores
Jonathan Spino to third
Batting: RHB Wan-ling Zhu 0-0: Called Strike
0-1: Ball
1-1: Ball
2-1: Ground out 4-3 (Groundball, 4, EV 88.1 MPH)
Bottom of the 6th over - 1 run, 1 hit, 1 error, 2 left on base; Aberdeen 9 - Hudson Valley 1
TOP OF THE 7TH
Aberdeen Ironbirds batting - Pitching for Hudson Valley Renegades : LHP John Schmidt
Batting: LHB Chris Cohen 0-0: Called Strike
0-1: Foul Ball, location: 2F
0-2: Ball
1-2: Strikes out looking
Batting: LHB Bryan Davidson 0-0: Called Strike
0-1: Ball
1-1: Foul Ball, location: 2F
1-2: Foul Ball, location: 2F
1-2: Strikes out swinging
Batting: LHB Ivan Alvarez 0-0: Ball
1-0: Ground out 3-1 (Groundball, 34, EV 87.5 MPH)
Top of the 7th over - 0 runs, 0 hits, 0 errors, 0 left on base; Aberdeen 9 - Hudson Valley 1
BOTTOM OF THE 7TH
Hudson Valley Renegades batting - Pitching for Aberdeen Ironbirds : RHP Andrew Telles
Pinch Hitting: RHB Devin Brown 0-0: Ball
1-0: Foul Ball, location: 2F
1-1: Fly out, F3 (Popup, 3SF, EV 65.6 MPH)
Pinch Hitting: RHB Joe Hartigan 0-0: Foul Ball, location: 2F
0-1: Ball
1-1: Reached on error, E5 (Groundball, 56S, EV 85.6 MPH)
Pinch Hitting: RHB Jeremy Whitehurst 0-0: Ball
1-0: Ball
2-0: Ball
3-0: Called Strike
3-1: Swinging Strike
3-2: Strikes out swinging
Batting: SHB Joshua Jackson 0-0: SINGLE (Groundball, 5D, EV 108.8 MPH)
Joe Hartigan to second
Pinch Hitting: RHB Roy Johnson 0-0: DOUBLE (Flyball, 8LXD, EV 93.8 MPH)
Joe Hartigan scores
Joshua Jackson to third
Runner from 3rd tries for Home, SAFE, throw by CF to home
Batting: LHB Jonathan Spino 0-0: Ball
1-0: Called Strike
1-1: Ground out U3 (Groundball, 3L, EV 80.6 MPH)
Bottom of the 7th over - 2 runs, 2 hits, 1 error, 1 left on base; Aberdeen 9 - Hudson Valley 3
TOP OF THE 8TH
Aberdeen Ironbirds batting - Pitching for Hudson Valley Renegades : LHP John Schmidt
Pitching: LHP Min Xue
Now at 1B: Jeremy Whitehurst
Now at 2B: Devin Brown
Now at 3B: Eric Waugaman
Now in LF: Dan Hunt
Now in RF: Joe Hartigan
Batting: RHB Ryan Bentz 0-0: Called Strike
0-1: Ball
1-1: Foul Ball, location: 2F
1-2: Ball
2-2: Fly out, F9 (Line Drive, 89M, EV 100.0 MPH)
Batting: LHB Danny Schultz 0-0: Ground out 4-3 (Groundball, 4MS, EV 71.2 MPH)
Batting: RHB Graham Calvert 0-0: Ball
1-0: Ball
2-0: Ball
3-0: Foul Ball, location: 2F
3-1: Base on Balls
Batting: RHB Han-seung Hah 0-0: Ball
1-0: Ball
2-0: Called Strike
2-1: Ball
3-1: Base on Balls
Graham Calvert to second
Batting: LHB Danny Moreno 0-0: Ball
1-0: Ball
2-0: Foul Ball, location: 2F
2-1: Called Strike
2-2: Foul Ball, location: 2F
2-2: Ball
3-2: Base on Balls
Graham Calvert to third
Han-seung Hah to second
Batting: RHB Luis Roman 0-0: Ball
Wild Pitch!
Graham Calvert scores
Han-seung Hah to third
Danny Moreno to second
1-0: Ball
2-0: SINGLE (Flyball, 7LS, EV 90.0 MPH)
Han-seung Hah scores
Danny Moreno to third
Batting: LHB Chris Cohen 0-0: Called Strike
0-1: Swinging Strike
0-2: Ball
1-2: Foul Ball, location: 2F
1-2: Ground out 4-3 (Groundball, 4, EV 81.2 MPH)
Top of the 8th over - 2 runs, 1 hit, 0 errors, 2 left on base; Aberdeen 11 - Hudson Valley 3
BOTTOM OF THE 8TH
Hudson Valley Renegades batting - Pitching for Aberdeen Ironbirds : RHP Andrew Telles
Batting: RHB Mikey Sano 0-0: SINGLE (Line Drive, 3L, EV 95.6 MPH)
Batting: RHB Eric Waugaman 0-0: Ball
1-0: Called Strike
1-1: Swinging Strike
1-2: Foul Ball, location: 2F
1-2: Ball
2-2: Strikes out swinging
Batting: RHB Wan-ling Zhu 0-0: Swinging Strike
0-1: Ball
1-1: Swinging Strike
1-2: Ball
2-2: Ball
3-2: Fielders Choice at 2nd, 6-4 (Groundball, 6, EV 83.8 MPH)
Batting: RHB Devin Brown 0-0: Ball
1-0: Called Strike
1-1: Fielders Choice at 2nd, 6-4 (Groundball, 6, EV 83.8 MPH)
Bottom of the 8th over - 0 runs, 1 hit, 0 errors, 1 left on base; Aberdeen 11 - Hudson Valley 3
TOP OF THE 9TH
Aberdeen Ironbirds batting - Pitching for Hudson Valley Renegades : LHP Min Xue
Batting: LHB Bryan Davidson 0-0: Called Strike
0-1: Fly out, F8 (Flyball, 8LXD, EV 90.0 MPH)
Batting: LHB Ivan Alvarez 0-0: Ball
1-0: Foul Ball, location: 2F
1-1: Called Strike
1-2: Ground out 5-3 (Groundball, 56, EV 77.5 MPH)
Batting: RHB Ryan Bentz 0-0: Called Strike
0-1: Ground out 6-3 (Groundball, 6, EV 93.8 MPH)
Top of the 9th over - 0 runs, 0 hits, 0 errors, 0 left on base; Aberdeen 11 - Hudson Valley 3
BOTTOM OF THE 9TH
Hudson Valley Renegades batting - Pitching for Aberdeen Ironbirds : RHP Andrew Telles
Batting: RHB Joe Hartigan 0-0: Fly out, F8 (Line Drive, 78D, EV 90.0 MPH)
Pinch Hitting: RHB Greg Grayson 0-0: Ball
1-0: Ball
2-0: Called Strike
2-1: Swinging Strike
2-2: Strikes out looking
Batting: SHB Joshua Jackson 0-0: Ball
1-0: Called Strike
1-1: Fly out, F4 (Line Drive, 4, EV 71.2 MPH)
Bottom of the 9th over - 0 runs, 0 hits, 0 errors, 0 left on base; Aberdeen 11 - Hudson Valley 3
Sunday, July 16th , 2023 - OOTP Baseball 24.6 Build 69